 Dungeon Crawl Stone Soup version 0.29-a0-1009-g60c99734e7 (webtiles) character file.

Game seed: 11644333541458583660

54 spaghetti the Ruffian (level 3, -3/34 HPs)
             Began as a Naga Fighter on Aug 8, 2022.
             Slain by Sigmund
             ... wielding a +0 scythe
              (13 damage)
             ... on level 2 of the Dungeon.
             The game lasted 00:01:50 (1414 turns).

spaghetti the Ruffian (Naga Fighter)                Turns: 1414, Time: 00:01:51

Health: -3/34      AC:  7    Str: 20    XL:     3   Next: 91%
Magic:  3/3        EV:  3    Int:  8    God:
Gold:   56         SH:  4    Dex: 10    Spells: 2/2 levels left

rFire   . . .      SeeInvis +     - Unarmed
rCold   . . .      Faith    .   b - +0 buckler
rNeg    . . .      Spirit   .   e - +0 plate armour
rPois   +          Reflect  .   (no helmet)
rElec   .          Harm     .   (no cloak)
rCorr   .          Rampage  .   (no gloves)
Will    .....                   (no barding)
Stlth   ..........              (no amulet)
HPRegen 0.11/turn               (no ring)
MPRegen 0.08/turn               (no ring)

@: mighty, very slow
A: AC +1, large, see invisible, deformed body, poison resistance, slowness 2,
spit poison 1, naga tail 1
a: Spit Poison


You were on level 2 of the Dungeon.
You visited 1 branch of the dungeon, and saw 2 of its levels.

You collected 56 gold pieces.


Innate Abilities, Weirdness & Mutations

Your serpentine skin is tough. (AC +1)
You have supernaturally acute eyesight. (SInv)
Armour fits poorly on your strangely shaped body.
Your system is resistant to poisons. (rPois)
You cover ground very slowly.
You can spit poison.
You have a snake-like lower body.


   Skills:
 - Level 3.0 Fighting
 + Level 3.1 Armour
 - Level 2.6 Shields
 + Level 3.3 Unarmed Combat


You had 2 spell levels left.
You didn't know any spells.
Your spell library was empty.

Inventory:

Hand Weapons
 g - a +0 dagger {short}
   (You took it off a kobold on level 1 of the Dungeon)
 j - a +0 whip {mace}
   (You found it on level 1 of the Dungeon)
 m - a +0 spear {polearm}
   (You found it on level 1 of the Dungeon)
 o - a +0 whip {mace}
   (You took it off a kobold on level 1 of the Dungeon)
 p - a +0 spear {polearm}
   (You found it on level 1 of the Dungeon)
Missiles
 h - 12 stones {throwing}
 l - 2 datura-tipped darts {throwing}
 n - 3 poisoned darts {throwing}
Armour
 a - a +0 scale mail
 b - a +0 buckler (worn)
 e - a +0 plate armour (worn)
   (You found it on level 1 of the Dungeon)
Jewellery
 s - a ring of positive energy
   (You found it on level 2 of the Dungeon)
Scrolls
 d - a scroll of vulnerability {unknown}
 i - a scroll of enchant weapon {unknown}
 k - a scroll of fear {unknown}
 q - a scroll of noise {unknown}
 r - a scroll of identify {unknown}
 t - a scroll of summoning {unknown}
Potions
 f - 2 potions of curing {unknown}

Dungeon Overview and Level Annotations

Branches:
Dungeon (2/15) Zot: 10312

Altars:

Shops:
D:2 [

Annotations:
D:2 Sigmund

# ... .... # ... ... .
#.##..##. # .......... #
#.....##.#.# #
#.#####........#.#######
....(@............#.....
#@##..##.#.##.####
..#######.##..............
.......∩..................
........[.................
..........................
........#........#........
....###.#..#..##.####+####
#... #.#.............# .
... #.#.....##........


You could see the neutral Sigmund (fast, strong, insane).


Message History

Press: ? - help, Shift-Dir - straight line, f/p - Natasha
Aim: Natasha (lightly wounded, 50% to hit)
The splash of poison hits Natasha!
Natasha claws you. 😮 HP[-2]
You take 2 damage, and now have 25/34 hp.
You hit Natasha. Natasha casts a spell at you. You resist with some effort.
You punch Natasha!
You kill Natasha!
Natasha growls in agony!
Your Armour skill increases to level 3!
Unknown command.
You have got your breath back.
A quokka comes into view. 😕 HP[+5]
You regained 5 hp, and now have 30/34 hp.
A quokka is nearby!
A quokka is nearby!
A quokka is nearby!
The quokka barely misses you. You block the quokka's attack.
The quokka bites you. 😕 HP[-1]
You take 1 damage, and now have 29/34 hp.
You hit the quokka.
The quokka bites you but does no damage.
You closely miss the quokka. The quokka barely misses you.
You closely miss the quokka. You block the quokka's attack.
You hit the quokka.
You kill the quokka! 😕 HP[+1]
You see here a quokka corpse.
Unknown command.
n - 3 poisoned darts {throwing} (gained 1)
l - 6 datura-tipped darts {throwing} (gained 2) Key pressed, stopping explore.
A giant cockroach comes into view.
A giant cockroach is nearby! 😎 HP[+4]
Your hp is fully restored (34).
A giant cockroach is nearby!
A giant cockroach is nearby!
s - a ring of positive energy You hit the giant cockroach.
You kill the giant cockroach!
No target in view!
No target in view!
No target in view!
No target in view!
No target in view!
No target in view!
No target in view!
No target in view!
No target in view!
No target in view!
No target in view!
No target in view!
t - a scroll labelled GAOLOTZ HOXIBB
Found Ustrunga's Antique Armour Shoppe.
Okay, then.
There is an entrance to Ustrunga's Antique Armour Shoppe here.
Sigmund the Dreaded comes into view.
He is wielding a +0 scythe.
Sigmund shouts!
Throw: 6 darts (datura) {throwing}
Press: ? - help, Shift-Dir - straight line, f - Sigmund
Aim: Sigmund, wielding a +0 scythe and wearing a +0 robe (52% to hit, chance to frenzy on hit: 75%)
You throw a datura-tipped dart {throwing}.
The datura-tipped dart {throwing} barely misses Sigmund.
Sigmund gestures at you while chanting. The puff of flame hits you. 😕 HP[-5]
You take 5 damage, and now have 29/34 hp.
Throw: 5 darts (datura) {throwing}
Press: ? - help, Shift-Dir - straight line, f/p - Sigmund
Aim: Sigmund, wielding a +0 scythe and wearing a +0 robe (52% to hit, chance to frenzy on hit: 75%)
You throw a datura-tipped dart {throwing}.
The datura-tipped dart {throwing} barely misses Sigmund.
Throw: 4 darts (datura) {throwing}
Press: ? - help, Shift-Dir - straight line, f/p - Sigmund
Aim: Sigmund, wielding a +0 scythe and wearing a +0 robe (52% to hit, chance to frenzy on hit: 75%)
You throw a datura-tipped dart {throwing}.
The datura-tipped dart {throwing} closely misses Sigmund.
Sigmund hits you from afar with a +0 scythe! 😮 HP[-7]
You take 7 damage, and now have 22/34 hp.
MASSIVE DAMAGE!! (PAUSE) Throw: 3 darts (datura) {throwing}
Press: ? - help, Shift-Dir - straight line, f/p - Sigmund
Aim: Sigmund, wielding a +0 scythe and wearing a +0 robe (52% to hit, chance to frenzy on hit: 75%)
You throw a datura-tipped dart {throwing}.
The datura-tipped dart {throwing} hits Sigmund.
Sigmund flies into a frenzy!
Sigmund hits you from afar with a +0 scythe!
* * * LOW HITPOINT WARNING * * *
😨 HP[-12]
You take 12 damage, and now have 10/34 hp.
MASSIVE DAMAGE!! (PAUSE)
You feel very mighty all of a sudden.
Sigmund hits you from afar with a +0 scythe!
You die...

Skill      XL: |  1  2  3 |
---------------+----------+-----
Unarmed Combat | 3 |  3.3
Armour         | 3 |  3.1
Fighting       | |  3.0
Shields        | |  2.6

Action                   || total
-------------------------++-------
Melee: Unarmed           ||   124
Throw: Dart              ||     7
 Abil: Spit Poison       ||     3
  Use: Potion            ||     1
Armor: Plate armour      ||    79
       Scale mail        ||     1
Dodge: Dodged            ||    31
Block: Buckler           ||    29

Levels and vault maps discovered:
D:1:      minmay_arrival_four_circles, layout_basic, hex_medium, minmay_3d_cube
D:2:      cheibrodos_pilgrimage, layout_basic, serial_shops, shop,
          minmay_joined_circles, uniq_natasha, uniq_sigmund

Notes
Turn   | Place    | Note
-------+----------+-------------------------------------------
     0 | D:1      | spaghetti the Naga Fighter began the quest for the Orb.
     0 | D:1      | Reached XP level 1. HP: 21/21 MP: 1/1
     0 | D:1      | magus.rc [v1.9.6]
   106 | D:1      | Reached XP level 2. HP: 28/28 MP: 2/2
   898 | D:1      | Reached XP level 3. HP: 26/34 MP: 3/3
  1263 | D:2      | Reached skill level 3 in Unarmed Combat
  1273 | D:2      | Noticed Natasha
  1282 | D:2      | Killed Natasha
  1283 | D:2      | Reached skill level 3 in Armour
  1399 | D:2      | Found Ustrunga's Antique Armour Shoppe.
  1409 | D:2      | Noticed Sigmund
  1414 | D:2      | Slain by Sigmund

Vanquished Creatures
  Natasha (D:2)
  5 ball pythons (D:1)
  An endoplasm (D:1)
  2 giant cockroaches
  2 kobolds (D:1)
  5 quokkas
  6 bats
  2 frilled lizards (D:1)
  3 rats (D:1)
27 creatures vanquished.

Table legend:
 A = Non-vault XP
 B = Vault XP
 C = Vault XP percentage of total XP
 D = Non-vault monster count
 E = Vault monster count
 F = Vault count percentage of total count
                 A         B        C        D         E       F
            +---------+---------+-------+---------+---------+-------
      Total |      37 |      41 |  52.6 |      23 |       4 |  14.8
            +---------+---------+-------+---------+---------+-------
        D:1 |      31 |       5 |  13.9 |      20 |       3 |  13.0
        D:2 |       6 |      36 |  85.7 |       3 |       1 |  25.0
            +---------+---------+-------+---------+---------+-------

Illustrated notes

Table legend:
 A = Kills in this place as a percentage of kills in entire the game.
 B = Kills by you in this place as a percentage of kills by you in the entire game.
 C = Kills by friends in this place as a percentage of kills by friends in the entire game.
 D = Other kills in this place as a percentage of other kills in the entire game.
 E = Experience gained in this place as a percentage of experience gained in the entire game.
 F = Experience gained in this place divided by the number of levels of this place that you have seen.
                   A       B       C       D       E      F
               +-------+-------+-------+-------+-------+----------------------
         Total | 100.0 | 100.0 |   N/A |   N/A | 100.0 |  39.0
       Dungeon | 100.0 | 100.0 |   N/A |   N/A | 100.0 |  39.0
               +-------+-------+-------+-------+-------+----------------------

Table legend: (Time is in decaauts)
 A = Elapsed time spent in this place.
 B = Non-inter-level travel time spent in this place.
 C = Inter-level travel time spent in this place.
 D = Time resting spent in this place.
 E = Time spent auto-exploring this place.
 F = Levels seen in this place.
 G = Mean time per level.
                   A        B        C        D        E       F      G
               +--------+--------+--------+--------+--------+-----+--------+
         Total |   1686 |   1650 |     36 |      0 |   1368 |   2 |  843.0 |
       Dungeon |   1686 |   1650 |     36 |      0 |   1368 |   2 |  843.0 |
               +--------+--------+--------+--------+--------+-----+--------+

Top non-repeatable levels by time:
     D:1: 1505 daAuts
     D:2: 181 daAuts
